 Dungeon Crawl Stone Soup version 0.25-a0-294-gea9b1ad378 (webtiles) character file.

Game seed: 430153766524361172, levelgen mode: deterministic

123 Lanoc the Grasshopper (level 4, -8/21 HPs)
             Began as a Felid Warper on Dec 17, 2019.
             Killed by divine providence
             ... invoked by an orc priest
              (11 damage)
             ... on level 3 of the Dungeon.
             The game lasted 00:07:45 (5176 turns).

Lanoc the Grasshopper (Felid Warper)                Turns: 5176, Time: 00:07:45

Health: -8/21      AC:  1    Str:  5 (7)  XL:     4   Next: 79%
Magic:  8/9        EV: 19    Int: 14 (15) God:
Gold:   150        SH:  0    Dex: 12 (15) Spells: 1/9 levels left
                                        Lives:  0   Deaths: 1

rFire    . . .     SeeInvis +     - Unarmed
rCold    . . .     Gourm    .   (shield unavailable)
rNeg     . . .     Faith    .   (armour unavailable)
rPois    .         Spirit   .   (helmet unavailable)
rElec    .         Reflect  .   (cloak unavailable)
rCorr    +         Harm     .   (gloves unavailable)
MR       .....                  (boots unavailable)
Stlth    ++........             (no amulet)
HPRegen  0.07/turn              e - ring of resist corrosion
MPRegen  0.11/turn              m - +1 ring of slaying

@: quick
A: very small, no armour, no weapons or thrown items, stealth, claws 1, fangs 3,
see invisible, carnivore, speed 1, shaggy fur 1, slow metabolism 1, sharp paws
a: no special abilities


You were on level 3 of the Dungeon.
You were completely stuffed.

You visited 1 branch of the dungeon, and saw 3 of its levels.

You collected 150 gold pieces.

Inventory:

Jewellery
 e - a ring of resist corrosion (left paw)
 m - a +1 ring of slaying (right paw)
Scrolls
 b - a scroll of blinking
 d - a scroll of magic mapping
 h - a scroll of immolation
Potions
 a - 2 potions of agility
 f - a potion of cancellation
 i - 2 potions of degeneration
Comestibles
 c - 8 rations


   Skills:
 + Level 3.2 Fighting
 + Level 4.5 Dodging
 - Level 2.0 Unarmed Combat
 + Level 3.0 Spellcasting
 * Level 6.2 Translocations


You had one spell level left.
You knew the following spells:

 Your Spells              Type           Power        Failure   Level  Hunger
a - Blink                 Tloc           N/A          2%          2    ##.....
b - Shroud of Golubria    Chrm/Tloc      ##....       9%          2    ##.....
c - Passage of Golubria   Tloc           N/A          16%         4    #####..

Your spell library contained the following spells:

 Spells                   Type           Power        Failure   Level  Hunger
 Gell's Gravitas          Tloc           ###.......   4%          3    ###....
 Lesser Beckoning         Tloc           ###.......   4%          3    ###....
 Teleport Other           Tloc           ###.....     4%          3    ###....


Dungeon Overview and Level Annotations

Branches:
Dungeon (3/15)

Altars:
Gozag
Kikubaaqudgha
Wu Jian


Innate Abilities, Weirdness & Mutations

You cannot wear armour.
You are incapable of wielding weapons or throwing items.
Your paws allow you to move quietly. (Stealth)
You have sharp claws.
You have razor-sharp teeth.
You have supernaturally acute eyesight. (SInv)
You are carnivorous and can eat meat at any time.
You cover ground quickly.
You are covered in fur. (AC +1)
You have a slow metabolism.
Your sharp claws are effective at attacking unaware monsters.


Message History

Ouch! That really hurt!
You are too injured to fight recklessly!
You barely miss the orc priest.
The orc priest is moderately wounded.
The orc priest completely misses you.
You scratch the orc priest but do no damage.
The orc priest is moderately wounded.
Your shroud bends the orc priest's attack away.
You scratch the orc priest.
The orc priest is heavily wounded.
The orc priest hits you.
* * * LOW HITPOINT WARNING * * *
Your shroud falls apart!
All of the chunks of flesh in your inventory have rotted away.
You scratch the orc priest.
The orc priest is almost dead.
The orc priest mumbles some strange prayers to Beogh against you.
Beogh smites you!
Ouch! That really hurt!
You die...

#.######### #.........######
#.######.......#
#.#.......####.###
#######.#.####.#####...### #
#........................# #
#####........................# #
#............<...............#
####............@...............#
.(.#............o...............#
..)#............................#
................................#
...#............................#
...#............................#
...#.............................
...............................>.
...#####.........................


You could see an orc priest.

Vanquished Creatures
  A vampire bat (D:2)
  An orc priest (D:2)
  3 adders (D:2)
  4 oozes
  3 worms (D:2)
  2 leopard geckos
  An orc (D:2)
  A ball python (D:2)
  3 bat skeletons (D:2)
  3 bat zombies (D:2)
  3 giant cockroaches
  5 goblins
  5 hobgoblins
  2 jackals (D:1)
  7 bats
  4 frilled lizards
  7 kobolds
  11 rats
66 creatures vanquished.

Notes
Turn   | Place    | Note
-------+----------+-------------------------------------------
     0 | D:1      | Lanoc the Felid Warper began the quest for the Orb.
     0 | D:1      | Reached XP level 1. HP: 9/9 MP: 4/4
   284 | D:1      | Reached XP level 2. HP: 9/13 MP: 6/6
   291 | D:1      | Learned a level 2 spell: Blink
   991 | D:1      | Learned a level 2 spell: Shroud of Golubria
  1200 | D:1      | Reached XP level 3. HP: 16/16 MP: 7/7
  2065 | D:2      | Reached skill level 5 in Translocations
  2767 | D:2      | Found an ancient bone altar of Kikubaaqudgha.
  2783 | D:2      | Reached XP level 4. HP: 17/20 MP: 6/9
  3302 | D:2      | Slain by a gnoll
  3303 | D:2      | Reached XP level 3. HP: -4/17 MP: 8/8
  3381 | D:2      | Reached XP level 4. HP: 18/21 MP: 5/9
  3457 | D:2      | Learned a level 4 spell: Passage of Golubria
  4102 | D:3      | Found an ornate altar of the Wu Jian Council.
  4440 | D:3      | Reached skill level 6 in Translocations
  4589 | D:3      | Found an opulent altar of Gozag.
  5176 | D:3      | Killed from afar by an orc priest

Levels and vault maps discovered:
D:1:      wander_arrival_lonely_grave, layout_basic, hex_medium
D:2:      layout_loops_cross, kennysheep_vampire_church
D:3:      lemuel_upstairs_altar, layout_basic, gammafunk_temple_overflow_wave,
          overflow_temple_1_default, grunt_gozag_statues

Skill      XL: |  1  2  3  4 |
---------------+-------------+-----
Translocations | 5 6 |  6.2
Dodging        | 4 |  4.5
Fighting       | 3 |  3.2
Spellcasting   | 3 |  3.0
Unarmed Combat | |  2.0

Action                   |  1- 3 |  4- 6 || total
-------------------------+-------+-------++-------
Melee: Unarmed           |   159 |   141 ||   300
       Bite              |    16 |    10 ||    26
       Punch             |     2 |       ||     2
 Cast: Shroud of Golubri |     9 |    11 ||    20
  Use: Potion            |     2 |     4 ||     6
       Scroll            |       |     5 ||     5
 Stab: Sleeping          |     6 |     9 ||    15
  Eat: Chunk             |    12 |    11 ||    23
Armor: Skin              |     7 |    13 ||    20
Dodge: Dodged            |   150 |   136 ||   286

Table legend:
 A = Non-vault XP
 B = Vault XP
 C = Vault XP percentage of total XP
 D = Non-vault monster count
 E = Vault monster count
 F = Vault count percentage of total count
                 A         B        C        D         E       F
            +---------+---------+-------+---------+---------+-------
      Total |     199 |      67 |  25.2 |      59 |       7 |  10.6
            +---------+---------+-------+---------+---------+-------
        D:1 |      44 |       0 |   0.0 |      20 |       0 |   0.0
        D:2 |     133 |      67 |  33.5 |      28 |       7 |  20.0
        D:3 |      22 |       0 |   0.0 |      11 |       0 |   0.0
            +---------+---------+-------+---------+---------+-------
